Map: Kairos Junction LE

Players

Mez

  • Race: Terran Terran
  • League: Master
  • Spawn Location: 11:00

NeoWave - Winner!

  • Race: Zerg Zerg
  • League: Master
  • Spawn Location: 5:00

VOD

Have the link to the VOD?

Description

Time

  • Played on: Aug. 7, 2019, 1:44 p.m.
  • Length: 6:02
Show
View Real Time Build Order
Export as new Build Order

Mez Terran 

Build Orders: Reaper Expand, Banshee Rush 

Get SALT Encoding   

  12  0:01  SCV  
  13  0:13  SCV  
  14  0:17  Supply Depot  
  14  0:25  SCV  
  15  0:38  SCV  
  15  0:40  Barracks  
  16  0:44  Refinery  
  16  0:50  SCV  
  17  1:06  SCV  
  18  1:20  SCV  
  19  1:28  Reaper  
  20  1:33  Orbital Command  
  20  1:43  Command Center  
  20  1:51  Supply Depot  
  20  1:58  SCV  
  20  2:00  Marine  
  22  2:12  SCV  
  22  2:14  Factory  
  23  2:20  Refinery  
  23  2:29  SCV  
  24  2:34  Barracks Reactor  
  24  2:41  SCV  
  25  2:53  SCV  
  25  2:57  Orbital Command  
  26  3:03  Starport  
  26  3:06  SCV  
  27  3:18  Hellion x2  
  27  3:19  SCV  
  32  3:22  SCV  
  32  3:24  Barracks Tech Lab  
  33  3:28  Supply Depot  
  33  3:32  SCV  
  34  3:34  SCV  
  34  3:42  Bunker  
  34  3:44  SCV  
  34  3:46  SCV  
  34  3:48  Banshee, Factory Tech Lab  
  39  3:56  SCV, Supply Depot  
  39  3:57  Cloaking Field  
  38  4:06  Marine x2  
  38  4:08  Cyclone  
  38  4:09  Orbital Command  
  42  4:10  SCV  
  43  4:24  SCV  
  40  4:34  Command Center  
  39  4:53  Hellion x2  
  39  4:54  Marauder, Banshee  
  39  4:55  SCV  
  39  4:56  SCV  
  34  5:32  Hellion  
  34  5:33  Hellion  
  34  5:34  SCV  
Show
View Real Time Build Order
Export as new Build Order

NeoWave Zerg - Winner!

Build Orders: Hatch First 

Get SALT Encoding   

  12  0:00  Drone  
  13  0:12  Overlord  
  13  0:16  Drone  
  14  0:30  Drone x2  
  16  0:51  Hatchery  
  16  0:53  Drone  
  17  0:57  Drone, Extractor  
  16  1:14  Spawning Pool  
  16  1:17  Drone  
  16  1:21  Drone  
  16  1:25  Drone  
  18  1:31  Drone  
  19  1:41  Overlord  
  19  2:01  Zergling x2  
  19  2:02  Zergling x2  
  19  2:03  Queen  
  19  2:07  Queen  
  25  2:13  Metabolic Boost  
  25  2:17  Drone  
  25  2:20  Drone  
  27  2:24  Drone  
  28  2:33  Drone x2  
  28  2:36  Drone  
  30  2:52  Overlord, Drone  
  30  2:53  Roach Warren  
  30  3:15  Zergling x6  
  30  3:16  Zergling x6  
  30  3:17  Zergling x2  
  30  3:18  Zergling x6  
  40  3:21  Zergling x2  
  41  3:40  Roach  
  41  3:41  Overlord x2  
  43  3:50  Overlord  
  43  3:59  Roach  
  43  4:00  Roach x5  
  55  4:05  Roach  
  55  4:08  Roach  
  59  4:12  Roach  
  61  4:22  Roach x2  
  65  4:25  Drone x2  
  67  4:38  Overlord  
  67  4:41  Spore Crawler  
  67  4:42  Queen  
  67  4:43  Spore Crawler x2  
  66  4:49  Overlord  
  53  5:19  Drone x9  
  53  5:20  Drone x5  
  60  5:31  Drone  
  60  5:32  Drone  
  60  5:33  Drone  
  62  5:39  Spore Crawler  
  54  5:46  Drone x2  
  52  5:56  Hatchery  
  49  6:00  Extractor  
  49  6:01  Extractor  
Tags
 
Add a new tag
Caveats
  • Supply blocks, unpowered buildings, or Contaminate may cause inaccurate times.
  • Supply counts are checked every 10 seconds.